 Dungeon Crawl Stone Soup version 0.23-a0-622-g59b4ea9 (webtiles) character file.

182 Lilu the Magician (level 5, 0/25 HPs)
             Began as a Deep Elf Wizard on Dec 23, 2018.
             Was an Initiate of Hepliaklqana.
             Succumbed to kobold's curare-tipped needle
             ... on level 3 of the Dungeon.
             The game lasted 00:07:56 (2693 turns).

Lilu the Magician (Deep Elf Wizard)                 Turns: 2693, Time: 00:07:56

Health: 0/25       AC:  4    Str:  5    XL:     5   Next: 34%
Magic:  14/14      EV: 14    Int: 23    God:    Hepliaklqana [......]
Gold:   165        SH:  0    Dex: 13    Spells: 3/14 levels left

rFire    . . .     SeeInvis .   c - +1 dagger (venom)
rCold    . . .     Gourm    .   (no shield)
rNeg     . . .     Faith    .   a - +0 robe
rPois    .         Spirit   .   b - +0 hat
rElec    .         Reflect  .   j - +1 cloak {MR+}
rCorr    .         Harm     .   (no gloves)
MR       +....                  (no boots)
Stlth    ++........             (no amulet)
HPRegen  0.08/turn              (no ring)
MPRegen  0.14/turn              (no ring)

@: lethally poisoned (0 -> -4), hasted and slowed
A: reduced essence
a: Recall Ancestor, Ancestor Identity, Renounce Religion


You were on level 3 of the Dungeon.
You worshipped Hepliaklqana.
Hepliaklqana was noncommittal.
You were hungry.

You visited 1 branch of the dungeon, and saw 3 of its levels.

You collected 165 gold pieces.

Inventory:

Hand Weapons
 c - a +1 dagger of venom (weapon)
Missiles
 f - 49 sling bullets
 k - 36 poisoned needles
Armour
 a - a +0 robe (worn)
 b - a +0 hat (worn)
 j - a +1 cloak of magic resistance (worn)
 l - a cursed +0 chain mail
 p - a +0 chain mail of magic resistance
Scrolls
 e - 3 scrolls of teleportation {unknown}
 g - 2 scrolls of enchant weapon {unknown}
 h - 5 scrolls of identify {unknown}
 i - 2 scrolls of random uselessness {unknown}
 m - a scroll of blinking {unknown}
 o - a scroll of fear {unknown}
Potions
 q - a potion of might {unknown}
 r - a potion of degeneration {unknown}
Comestibles
 d - 7 rations
 s - 2 chunks of flesh


   Skills:
 + Level 0.2 Fighting
 + Level 3.9 Dodging
 - Level 3.0 Stealth
 - Level 5.0 Spellcasting
 + Level 3.2 Conjurations
 - Level 2.0 Summonings
 - Level 2.0 Translocations
 + Level 0.4 Fire Magic
 + Level 0.3 Air Magic
 + Level 0.5 Poison Magic


You had 3 spell levels left.
You knew the following spells:

 Your Spells              Type           Power        Failure   Level  Hunger
a - Magic Dart            Conj           ###.         2%          1    None
b - Blink                 Tloc           N/A          6%          2    None
c - Call Imp              Summ           ###.....     6%          2    None
d - Conjure Flame         Conj/Fire      ##......     14%         3    ##.....
e - Mephitic Cloud        Conj/Pois/Air  ##......     16%         3    ##.....

Your spell library contained the following spells:

 Spells                   Type           Power        Failure   Level  Hunger
 Slow                     Hex            #.......     14%         2    None


Dungeon Overview and Level Annotations

Branches:
Dungeon (3/15)

Altars:
Hepliaklqana
Qazlal


Message History

A rat comes into view.
* * * LOW HITPOINT WARNING * * *
You feel sick.
A kobold comes into view. It is wielding a +0 dagger.
* * * LOW HITPOINT WARNING * * *
You feel sick.
* * * LOW HITPOINT WARNING * * *
You feel sick.
The kobold hits Tawil.
Tawil misses the kobold.
The rat barely misses you.
The kobold barely misses Tawil.
You are feeling hungry.
You completely miss the rat.
* * * LOW HITPOINT WARNING * * *
You feel sick.
Tawil hits the kobold.
The kobold dies!
The rat closely misses you.
Tawil hits the rat.
You hit the rat but do no damage.
The rat is poisoned.
The rat is severely wounded.
You kill the rat!
It was a potion of haste.
You feel yourself speed up.
You die... #### ##. ≈..§... #.. .... ... ..KK.# #.. #..###.# .K.PP

### .g.#.# #.P#
#.#.########)#########
#....K.K...(.(........
#.#########...÷.#..##.
####.#.#########.....##.##.
..........R@....#.....##..#.
######....†.....#.....###.#.
#.)........#.(...# #...
#..........#.....# ##..
#..........#...).# #..
K...........####### #..
###..........# #######.
#..........# ........
###.....


You could see the friendly Tawil the ancestor and a kobold (sleeping).

Vanquished Creatures
  An orc wizard (D:3)
  An adder (D:3)
  2 worms
  3 dart slugs (D:1)
  4 leopard geckos
  3 orcs (D:3)
  4 giant cockroaches
  7 goblins
  5 hobgoblins
  3 kobolds
  3 bats (D:1)
  2 frilled lizards
  22 rats
60 creatures vanquished.

Vanquished Creatures (collateral kills)
  Crazy Yiuf (D:3)
  Natasha (D:3)
  A worm (D:3)
  A leopard gecko (D:3)
  3 kobolds (D:3)
  A quokka (D:2)
  A frilled lizard (D:2)
  5 rats (D:2)
14 creatures vanquished.

Vanquished Creatures (others)
  A plant (D:3)
  4 toadstools (D:1)
5 creatures vanquished.

Grand Total: 79 creatures vanquished

Notes
Turn   | Place    | Note
-------+----------+-------------------------------------------
     0 | D:1      | Lilu the Deep Elf Wizard began the quest for the Orb.
     0 | D:1      | Reached XP level 1. HP: 10/10 MP: 7/7
   131 | D:1      | Reached XP level 2. HP: 11/15 MP: 3/9
   154 | D:1      | Learned a level 2 spell: Blink
   157 | D:1      | Learned a level 2 spell: Call Imp
   578 | D:1      | Reached XP level 3. HP: 16/19 MP: 3/11
   944 | D:2      | Found a hazy altar of Hepliaklqana.
   958 | D:2      | Became a worshipper of Hepliaklqana the Forgotten
  1541 | D:2      | Found a stormy altar of Qazlal.
  1595 | D:2      | Reached skill level 5 in Spellcasting
  1920 | D:3      | Reached XP level 4. HP: 21/21 MP: 1/13
  2125 | D:3      | Noticed Natasha
  2134 | D:3      | Killed Natasha
  2134 | D:3      | Reached XP level 5. HP: 9/25 MP: 14/14
  2336 | D:3      | Learned a level 3 spell: Conjure Flame
  2340 | D:3      | Learned a level 3 spell: Mephitic Cloud
  2395 | D:3      | Found a runed door.
  2399 | D:3      | Noticed Crazy Yiuf
  2412 | D:3      | Killed Crazy Yiuf
  2691 | D:3      | HP: 1/25 [poisoned by kobold (curare-tipped needle)]
  2693 | D:3      | Succumbed to kobold's curare-tipped needle

Vault maps used:
D:1:      ldierk_walled_garden_2, minmay_misc_feat_plants
D:2:      lemuel_crystal_altar, grunt_qazlal_sundering, minmay_rat_hole
D:3:      lexackson_kobold_supper, uniq_crazy_yiuf_cottage, uniq_natasha

Skill      XL: |  1  2  3  4 |
---------------+-------------+-----
Conjurations   | 2 3 |  3.2
Stealth        | 3 |  3.0
Dodging        | 3 |  3.9
Spellcasting   | 5 |  5.0
Summonings     | 2 |  2.0
Translocations | 2 |  2.0
Fighting       | |  0.2
Fire Magic     | |  0.4
Air Magic      | |  0.3
Poison Magic   | |  0.5

Action                   |  1- 3 |  4- 6 || total
-------------------------+-------+-------++-------
Melee: Dagger            |    75 |    28 ||   103
 Cast: Magic Dart        |    42 |    15 ||    57
Invok: Ancestor Identity |     1 |       ||     1
  Use: Potion            |       |     3 ||     3
 Stab: Sleeping          |     6 |     2 ||     8
       Distracted        |       |     1 ||     1
  Eat: Chunk             |     2 |     3 ||     5
Armor: Robe              |     9 |     6 ||    15
Dodge: Dodged            |    42 |    15 ||    57

Table legend:
 A = Non-vault XP
 B = Vault XP
 C = Vault XP percentage of total XP
 D = Non-vault monster count
 E = Vault monster count
 F = Vault count percentage of total count
                 A         B        C        D         E       F
            +---------+---------+-------+---------+---------+-------
      Total |     157 |     103 |  39.6 |      47 |      27 |  36.5
            +---------+---------+-------+---------+---------+-------
        D:1 |      44 |       0 |   0.0 |      20 |       0 |   0.0
        D:2 |      25 |      20 |  44.4 |      14 |      19 |  57.6
        D:3 |      88 |      83 |  48.5 |      13 |       8 |  38.1
            +---------+---------+-------+---------+---------+-------
